 Dungeon Crawl Stone Soup version 0.23.1 (webtiles) character file.

Game seed: 5671374267585162702

483 Norn the Slinger (level 7, -5/46 HPs)
             Began as a Halfling Hunter on Mar 16, 2019.
             Was a Follower of Trog.
             Slain by an ice beast (14 damage)
             ... on level 5 of the Dungeon.
             The game lasted 00:08:34 (4261 turns).

Norn the Slinger (Halfling Hunter)                  Turns: 4261, Time: 00:08:35

Health: -5/46      AC:  3    Str: 14    XL:     7   Next: 35%
Magic:  7/7        EV: 16    Int: 10    God:    Trog [*.....]
Gold:   235        SH:  0    Dex: 15    Spells: 6/6 levels left

rFire    . . .     SeeInvis .   a - +1 hunting sling
rCold    . . .     Gourm    .   (shield restricted)
rNeg     . . .     Faith    .   c - +0 leather armour
rPois    .         Spirit   .   (no helmet)
rElec    .         Reflect  .   (no cloak)
rCorr    .         Harm     .   (no gloves)
MR       .....                  (no boots)
Stlth    ++........             (no amulet)
HPRegen  0.15/turn              (no ring)
MPRegen  0.10/turn              (no ring)

@: no status effects
A: small, mutation resistance 1
a: Berserk, Renounce Religion


You were on level 5 of the Dungeon.
You worshipped Trog.
Trog was aware of your devotion.
You were not hungry.

You visited 1 branch of the dungeon, and saw 5 of its levels.

You collected 235 gold pieces.

Inventory:

Hand Weapons
 a - a +1 hunting sling (weapon)
 b - a +0 short sword
Missiles
 d - 15 sling bullets (quivered)
 h - 144 stones
Armour
 c - a +0 leather armour (worn)
Scrolls
 m - 3 scrolls of identify {unknown}
 n - 4 scrolls of remove curse {unknown}
 o - a scroll of immolation {unknown}
 q - a scroll of enchant armour {unknown}
 r - a scroll of teleportation {unknown}
 t - a scroll of noise {!r}
 u - a scroll of enchant weapon {unknown}
 v - a scroll of magic mapping {unknown}
 w - 2 scrolls of blinking {unknown}
Potions
 f - a potion of invisibility {unknown}
 g - a potion of haste {unknown}
 i - 2 potions of cancellation {unknown}
 j - 2 potions of agility {unknown}
 k - a potion of lignification {unknown}
 l - a potion of mutation {unknown}
 p - 2 potions of brilliance {unknown}
 s - a potion of resistance {unknown}
 x - a potion of curing {unknown}
 A - 2 potions of berserk rage {unknown}
Comestibles
 e - 10 rations {!d}
 z - a chunk of flesh


   Skills:
 + Level 3.6 Fighting
 * Level 9.4 Slings
 + Level 4.4 Dodging
 - Level 1.1 Stealth


You had 6 spell levels left.
You didn't know any spells.
Your spell library contained the following spells:

 Spells                   Type           Power        Failure   Level  Hunger
 Beastly Appendage        Tmut           #.....       43%         1    ##.....
 Sticks to Snakes         Tmut           #.......     58%         2    ###....
 Spider Form              Tmut/Pois      #.........   82%         3    ####...
 Ice Form                 Ice/Tmut       #.......     99%         4    #####..
 Blade Hands              Tmut           #.........   100%        5    ######.


Dungeon Overview and Level Annotations

Branches:
Dungeon (5/15)
 Temple: D:4-7

Altars:
Trog


Innate Abilities, Weirdness & Mutations

You are small and have problems with some larger weapons.
You are somewhat resistant to further mutation.


Message History

You shoot a stone. The stone hits the ice beast.
Firing (i - inventory. (/) - cycle)
h - 151 stones (quivered)
Aim: an ice beast (moderately wounded)
You shoot a stone. The stone hits the ice beast.
The ice beast closely misses you.
Firing (i - inventory. (/) - cycle)
h - 150 stones (quivered)
Aim: an ice beast (moderately wounded)
You shoot a stone.
The stone hits the ice beast but does no damage.
The ice beast closely misses you.
Firing (i - inventory. (/) - cycle)
h - 149 stones (quivered)
Aim: an ice beast (moderately wounded)
You shoot a stone.
The stone hits the ice beast but does no damage.
Firing (i - inventory. (/) - cycle)
h - 148 stones (quivered)
Aim: an ice beast (moderately wounded)
You shoot a stone. The stone hits the ice beast.
The ice beast hits you. The ice beast freezes you!
Firing (i - inventory. (/) - cycle)
h - 147 stones (quivered)
Aim: an ice beast (moderately wounded)
You shoot a stone. The stone closely misses the ice beast.
The ice beast closely misses you.
Firing (i - inventory. (/) - cycle)
h - 146 stones (quivered)
Aim: an ice beast (moderately wounded)
You shoot a stone.
The stone hits the ice beast but does no damage.
Firing (i - inventory. (/) - cycle)
h - 145 stones (quivered)
Aim: an ice beast (moderately wounded)
You shoot a stone.
The stone hits the ice beast but does no damage.
The ice beast hits you. The ice beast freezes you!
* * * LOW HITPOINT WARNING * * *
Okay, then.
There is an open door here.
Quiver which item? (- for none, * to show all) (? for menu, Esc to quit)
Quivering
d - 16 sling bullets for slings.
Firing (i - inventory. (/) - cycle)
d - 16 sling bullets (quivered)
Aim: an ice beast (moderately wounded)
You shoot a sling bullet.
The sling bullet closely misses the ice beast.
The ice beast hits you.
* * * LOW HITPOINT WARNING * * *
The ice beast freezes you!
* * * LOW HITPOINT WARNING * * *
As you read the scroll labeled WEDU WEJ AXOR, it crumbles to dust.
You hear a loud clanging noise!
It was a scroll of noise.
The ice beast hits you.
* * * LOW HITPOINT WARNING * * *
The ice beast freezes you!
You die...

#.#.##.# #.....#.## #.# .
#.#.##.# #######.# #.## ..
#......# #.# ###... .# ###.####
##'## #..... .# #.# ##...##
#.#### .# #.#### ##.....## #.####
.# ###.##.## ##.<.....## #.#.##
.####.......####.........###.....
...............Y@........+.......
.##.#.#.#...####.........###.....
.##.#.#.##..# ##.......## #.....
.##.#.#..#..# ##.....## #####.
###.#.##.#..# ##...## #) #
#.#.......# ##+## #. #
#........## #.# #. ######.###
#######.# #) #.# #.......##
######)


You could see an ice beast.

Vanquished Creatures
  An ogre (D:4)
  A phantom (D:4)
  A wyvern skeleton (D:5)
  A crimson imp (D:5)
  A hound (D:5)
  An iguana (D:4)
  2 worker ants
  2 gnolls (D:1)
  3 adders
  An ooze (D:3)
  2 worms
  2 dart slugs
  2 leopard geckos
  10 orcs
  9 bats
  A giant cockroach (D:3)
  9 goblins
  3 hobgoblins
  A quokka (D:5)
  A ball python (D:3)
  7 frilled lizards
  5 kobolds
  A quokka skeleton (D:4)
  2 rats
69 creatures vanquished.

Notes
Turn   | Place    | Note
-------+----------+-------------------------------------------
     0 | D:1      | Norn the Halfling Hunter began the quest for the Orb.
     0 | D:1      | Reached XP level 1. HP: 14/14 MP: 1/1
    41 | D:1      | Reached skill level 6 in Slings
    87 | D:1      | Reached XP level 2. HP: 19/19 MP: 2/2
   384 | D:1      | Reached XP level 3. HP: 24/24 MP: 3/3
   851 | D:2      | Reached XP level 4. HP: 29/29 MP: 4/4
  1088 | D:2      | Reached skill level 7 in Slings
  1341 | D:2      | Found a bloodstained altar of Trog.
  1726 | D:2      | Became a worshipper of Trog the Wrathful
  2265 | D:3      | Reached XP level 5. HP: 35/35 MP: 5/5
  2529 | D:4      | Noticed a phantom
  2558 | D:4      | Killed a phantom
  2558 | D:4      | Reached skill level 8 in Slings
  2558 | D:4      | Reached XP level 6. HP: 16/42 MP: 6/6
  2815 | D:4      | Noticed an ogre
  2824 | D:4      | Killed an ogre
  2826 | D:4      | Reached * piety under Trog
  3598 | D:5      | Entered Level 5 of the Dungeon
  3649 | D:5      | Reached skill level 9 in Slings
  3649 | D:5      | Reached XP level 7. HP: 45/46 MP: 7/7
  3947 | D:5      | Found a bloodstained altar of Trog.
  4261 | D:5      | Slain by an ice beast

Skill      XL: |  1  2  3  4  5  6 |
---------------+-------------------+-----
Slings         | 6 7 8 9 |  9.4
Fighting       | 2 3 |  3.6
Dodging        | 3 4 |  4.4
Stealth        | |  1.1

Action                   |  1- 3 |  4- 6 |  7- 9 || total
-------------------------+-------+-------+-------++-------
Melee: Short sword       |    11 |     4 |       ||    15
 Fire: Hunting sling     |    61 |   200 |    55 ||   316
  Use: Scroll            |       |       |     1 ||     1
  Eat: Chunk             |       |     8 |     2 ||    10
Armor: Leather armour    |     7 |     8 |       ||    15
Dodge: Dodged            |    27 |    36 |     8 ||    71
